 Dungeon Crawl Stone Soup version 0.22-a0-358-g7563fe7 (webtiles) character file.

4 Kikal the Vexing (level 1, -1/7 HPs)
             Began as a Felid Enchanter on Apr 18, 2018.
             Slain by a goblin (2 damage)
             ... on level 1 of the Dungeon.
             The game lasted 00:01:27 (523 turns).

Kikal the Vexing (Felid Enchanter)                   Turns: 523, Time: 00:01:28

Health: -1/7       AC:  1    Str:  4    XL:     1   Next: 50%
Magic:  3/4        EV: 18    Int: 16    God:
Gold:   13         SH:  0    Dex: 16    Spells: 3/4 levels left
                                        Lives:  0   Deaths: 0

rFire    . . .     SeeInvis +     - Unarmed
rCold    . . .     Gourm    .   (shield unavailable)
rNeg     . . .     Faith    .   (armour unavailable)
rPois    .         Spirit   .   (helmet unavailable)
rElec    .         Reflect  .   (cloak unavailable)
rCorr    .         Harm     .   (gloves unavailable)
MR       .....                  (boots unavailable)
Stlth    +++.......             (no amulet)
HPRegen  0.02/turn              (no ring)
MPRegen  0.09/turn              (no ring)

@: quick
A: very small, no armour, no weapons or thrown items, stealth, claws 1, fangs 3,
see invisible, carnivore, speed 1, shaggy fur 1, slow metabolism 1, sharp paws
a: no special abilities


You were on level 1 of the Dungeon.
You were not hungry.

You visited 1 branch of the dungeon, and saw 1 of its levels.

You collected 13 gold pieces.

Inventory:

Scrolls
 a - a scroll of fear {unknown}
 c - 2 scrolls of magic mapping {unknown}
 d - a scroll of identify {unknown}
 e - a scroll of blinking {unknown}
Comestibles
 b - a ration


   Skills:
 - Level 2.6 Dodging
 + Level 4.1 Stealth
 * Level 1.0 Unarmed Combat
 + Level 2.0 Spellcasting
 * Level 4.6 Hexes


You had 3 spell levels left.
You knew the following spells:

 Your Spells              Type           Power        Failure   Level  Hunger
a - Corona                Hex            ###....      3%          1    #......


Dungeon Overview and Level Annotations

Branches:
Dungeon (1/15)

Altars:


Innate Abilities, Weirdness & Mutations

You cannot wear armour.
You are incapable of wielding weapons or throwing items.
Your paws allow you to move quietly. (Stealth)
You have sharp claws.
You have razor-sharp teeth.
You have supernaturally acute eyesight. (SInv)
You are carnivorous and can eat meat at any time.
You cover ground quickly.
You are covered in fur. (AC +1)
You have a slow metabolism.
Your sharp claws are effective at attacking unaware monsters.


Message History

The goblin shouts!
You now have 3/4 mp.
The giant cockroach misses you.
You scratch the giant cockroach but do no damage.
You bite the giant cockroach. The giant cockroach misses you.
The giant cockroach barely misses you.
You closely miss the giant cockroach. The giant cockroach bites you.
You take 1 damage, and have 3/7 hp.
You are too injured to fight recklessly!
You are too injured to fight recklessly!
You scratch the giant cockroach. The goblin closely misses you.
The giant cockroach barely misses you.
You completely miss the giant cockroach.
You kill the giant cockroach!
The goblin hits you.
* * * LOW HITPOINT WARNING * * *
You take 2 damage, and have 1/7 hp.
MASSIVE DAMAGE!!
You barely miss the goblin. The goblin completely misses you.
You scratch the goblin. The goblin hits you.
You die...

#####.(...........#
#.............#
#.............#
#.............#
#.............#
#..........(..# ...
#############'#.# ..
#...............# .
#...@........#..####
#
#....g.......#.>...#
##
#............##g####
.##..
#............##g#
.....
#............##.#####
.....
#............##......
#####
#............###.##.#
###### #............#
#.# .....##
###########+####.##..


You could see a goblin.

Vanquished Creatures
  A giant cockroach (D:1)
  4 rats (D:1)
5 creatures vanquished.

Notes
Turn   | Place    | Note
-------+----------+-------------------------------------------
     0 | D:1      | Kikal the Felid Enchanter began the quest for the Orb.
     0 | D:1      | Reached XP level 1. HP: 7/7 MP: 4/4
   523 | D:1      | Slain by a goblin

Vault maps used:
D:1:      minmay_arrival_four_loops

Action                   || total
-------------------------++-------
Melee: Unarmed           ||    19
       Bite              ||     2
 Cast: Corona            ||     4
 Stab: Sleeping          ||     1
  Eat: Chunk             ||     1
Armor: Skin              ||     1
Dodge: Dodged            ||    14

Table legend:
 A = Spawn XP
 B = Non-spawn XP
 C = Spawn XP percentage of total XP
 D = Spawn monster count
 E = Non-spawn monster count
 F = Spawn count percentage of total count
 G = Total turns spent on level
                    A         B        C        D         E        F      G
               +---------+---------+-------+---------+---------+-------+---------
         Total |       0 |       6 |   0.0 |       0 |       5 |   0.0 |   523
               +---------+---------+-------+---------+---------+-------+---------
           D:1 |       0 |       6 |   0.0 |       0 |       5 |   0.0 |   523
               +---------+---------+-------+---------+---------+-------+---------
